 Dungeon Crawl Stone Soup version 0.23-a0-241-g3b46b07 (webtiles) character file.

1225 Irenicus the Chopper (level 8, -1/69 HPs)
             Began as a Deep Dwarf Assassin on Sept 26, 2018.
             Slain by an ogre
             ... wielding a +0 giant club
              (22 damage)
             ... on level 5 of the Dungeon.
             The game lasted 00:24:15 (2676 turns).

Irenicus the Chopper (Deep Dwarf Assassin)          Turns: 2676, Time: 00:24:16

Health: -1/69      AC:  8    Str: 16    XL:     8   Next: 23%
Magic:  9/9        EV: 11    Int: 11    God:
Gold:   228        SH:  0    Dex: 16    Spells: 7/7 levels left

rFire    . . .     SeeInvis .   o - +1 whip (elec)
rCold    + . .     Gourm    .   (no shield)
rNeg     . . .     Faith    .   r - +2 leather armour {rC+}
rPois    .         Spirit   .   q - +0 helmet
rElec    .         Reflect  .   d - +1 cloak
rCorr    .         Harm     .   (no gloves)
MR       +....                  (no boots)
Stlth    +++.......             (no amulet)
HPRegen  0.00/turn              (no ring)
MPRegen  0.11/turn              (no ring)

@: non-regenerating
A: damage resistance, heal wounds, sense surroundings 1, no regeneration
a: Heal Wounds


You were on level 5 of the Dungeon.
You were not hungry.

You visited 1 branch of the dungeon, and saw 5 of its levels.
You also visited: Sewer.

You collected 228 gold pieces.

Inventory:

Hand Weapons
 a - a +2 dagger
 b - a +0 blowgun
 n - a +0 whip of venom
 o - a +1 whip of electrocution (weapon)
 p - a +1 hand axe
Missiles
 c - a throwing net (quivered)
 e - a poisoned needle
 f - a curare-tipped needle
Armour
 d - a +1 cloak (worn)
 q - a +0 helmet (worn)
 r - a +2 leather armour of cold resistance (worn)
Wands
 j - a wand of scattershot (4)
 l - a wand of polymorph (16)
Scrolls
 h - 2 scrolls of blinking
 i - a scroll of enchant weapon
 k - 2 scrolls of remove curse
 m - 2 scrolls of identify
Potions
 s - a potion of curing
 t - a potion of lignification
Comestibles
 g - 9 rations
 u - 2 chunks of flesh


   Skills:
 - Level 3.0 Fighting
 - Level 1.7 Short Blades
 + Level 7.8(8.2) Axes
 - Level 3.2(5.6) Maces & Flails
 - Level 2.2 Throwing
 - Level 2.1 Armour
 - Level 1.1 Dodging
 - Level 7.0 Stealth
 - Level 1.7 Evocations


You had 7 spell levels left.
You didn't know any spells.
Your spell library was empty.

Dungeon Overview and Level Annotations

Branches:
Dungeon (5/15)             Temple (0/1) D:5

Altars:
Fedhas
Gozag
Ru
Vehumet
Wu Jian


Innate Abilities, Weirdness & Mutations

You are resistant to damage.
You can heal yourself by infusing magical energy.
You passively map a small area around you.
You do not regenerate.


Message History

a dagger; a robe; an orc corpse
Things that are here:
a dagger; a robe; an orc corpse You see here a giant cockroach corpse.
Items here: ) ? [ † a dagger; a robe; a scroll of identify; an orc corpse
Okay, then.
You butcher the orc corpse.
Items here: % ) ? [ a dagger; a robe; a scroll of identify; 3 chunks of flesh
m - 2 scrolls of identify (gained 1);
u - 3 chunks of flesh Eat one of 3 chunks of flesh? (ye/n/q)
You eat one of the 3 chunks of flesh.
This raw flesh tastes terrible.
You hit the plant. Lightning courses through the plant!
The plant is lightly damaged.
The river rat bites the plant.
An ogre comes into view. It is wielding a giant club.
The ogre shouts!
The ogre hits you with a giant club!!
You die...

#..####
♣♣♣♣,* ♣.
#.....# ♣.♣
♣.
#.###.###♣♣
,♣.P.♣. #.
#...P.♣* *
,♣.. ..
#.♣.♣♣r♣, ,
♣.. ...
#..♣PP♣ *,
♣.P♣ ...
#.♣P..♣ *


,♣PPP ##.#**#.#.P♣.♣ *, ♣♣P. * #@# ♣.♣♣, , ♣P♣. #.O.P§.♣ ♣..P ###.#♣P♣ PP♣.
...♣♣ , P###♣ * .## * , ..* * ** .. *.#.* > You could see an ogre.

Vanquished Creatures
  A centaur (D:5)
  A phantom (D:4)
  4 big kobolds (D:3)
  2 bullfrogs (Sewer)
  A scorpion (D:4)
  2 crimson imps (D:5)
  A quasit (D:5)
  A hound (D:4)
  2 orc priests (D:3)
  5 orc wizards
  3 gnolls (D:3)
  5 adders
  2 river rats (D:5)
  An ooze (D:1)
  An adder skeleton (D:5)
  4 worms
  4 dart slugs
  3 leopard geckos
  15 orcs
  3 ball pythons
  9 bats
  12 giant cockroaches
  12 goblins
  6 hobgoblins
  12 frilled lizards
  48 kobolds
  6 rats
166 creatures vanquished.

Vanquished Creatures (others)
  An orc wizard (D:5)
1 creature vanquished.

Grand Total: 167 creatures vanquished

Notes
Turn   | Place    | Note
-------+----------+-------------------------------------------
     0 | D:1      | Irenicus the Deep Dwarf Assassin began the quest for the
                  | Orb.
     0 | D:1      | Reached XP level 1. HP: 19/19 MP: 1/1
    61 | D:1      | Reached skill level 5 in Stealth
   106 | D:1      | Reached XP level 2. HP: 21/26 MP: 2/2
   268 | D:2      | Found a radiant altar of Vehumet.
   279 | D:2      | Reached XP level 3. HP: 19/32 MP: 3/3
   340 | D:2      | Found a sacrificial altar of Ru.
   777 | D:3      | Reached XP level 4. HP: 25/39 MP: 4/4
   809 | D:3      | Reached skill level 1 in Maces & Flails
   870 | D:3      | Reached XP level 5. HP: 12/45 MP: 5/5
   955 | D:3      | Found an ornate altar of the Wu Jian Council.
  1039 | D:3      | Found a blossoming altar of Fedhas.
  1085 | D:3      | Found a glowing drain.
  1090 | Sewer    | Entered a sewer
  1265 | Sewer    | Reached skill level 1 in Armour
  1266 | Sewer    | Reached XP level 6. HP: 29/55 MP: 6/6
  1481 | D:3      | Reached skill level 1 in Evocations
  1651 | D:3      | Reached skill level 1 in Axes
  1698 | D:3      | Reached XP level 7. HP: 18/62 MP: 8/8
  2071 | D:4      | Reached skill level 5 in Axes
  2388 | D:5      | Entered Level 5 of the Dungeon
  2438 | D:5      | Found an opulent altar of Gozag.
  2464 | D:5      | Reached XP level 8. HP: 29/69 MP: 9/9
  2676 | D:5      | Slain by an ogre

Vault maps used:
D:1:      dpeg_arrival_three_smaller_balls
D:2:      gammafunk_temple_overflow_pools, lemuel_crystal_altar,
          vehumet_crystals
D:3:      minmay_goblin_kobold_castle, nicolae_overflow_hidden_temple,
          portal_sewer_entry_e, fedhas_altar_2
D:4:      corexii_shack_village, gammafunk_temple_overflow_statue, first_ration,
          uniq_crazy_yiuf_cottage
D:5:      wad_woods_stonehenge, temple_statues, minmay_ruined_shrine
Sewer:    sewer_frog_island_01

Skill      XL: |  1  2  3  4  5  6  7  8 |
---------------+-------------------------+-----
Stealth        | 5 6 7 |  7.0
Maces & Flails | 2 3 |  3.2
Fighting       | 2 3 |  3.0
Armour         | 2 |  2.1
Evocations     | 1 |  1.7
Axes           | 3 6 7 |  7.8
Throwing       | 2 |  2.2
Short Blades   | |  1.7
Dodging        | |  1.1

Action                   |  1- 3 |  4- 6 |  7- 9 || total
-------------------------+-------+-------+-------++-------
Melee: Dagger            |   111 |       |       ||   111
       Whip              |     9 |   218 |   181 ||   408
 Fire: Blowgun           |    15 |       |    19 ||    34
Throw: Tomahawk          |     9 |       |     5 ||    14
       Throwing net      |       |       |     2 ||     2
 Abil: Heal Wounds       |       |     3 |     2 ||     5
Evoke: Wand              |       |     1 |       ||     1
  Use: Scroll            |     6 |     2 |     2 ||    10
       Potion            |     4 |     5 |     3 ||    12
 Stab: Sleeping          |     6 |     2 |     9 ||    17
       Held in net/web   |       |       |     3 ||     3
  Eat: Chunk             |       |     2 |     5 ||     7
Armor: Robe              |    26 |       |       ||    26
       Leather armour    |    18 |    90 |    51 ||   159
       Skin              |       |    25 |       ||    25
Dodge: Dodged            |   104 |   203 |    89 ||   396

Table legend:
 A = Non-vault XP
 B = Vault XP
 C = Vault XP percentage of total XP
 D = Non-vault monster count
 E = Vault monster count
 F = Vault count percentage of total count
                 A         B        C        D         E       F
            +---------+---------+-------+---------+---------+-------
      Total |     867 |     884 |  50.5 |      89 |      78 |  46.7
            +---------+---------+-------+---------+---------+-------
        D:1 |      37 |       0 |   0.0 |      19 |       0 |   0.0
        D:2 |      51 |       0 |   0.0 |      14 |       0 |   0.0
        D:3 |     189 |     492 |  72.2 |      34 |      48 |  58.5
        D:4 |     272 |      16 |   5.6 |       7 |       8 |  53.3
        D:5 |     318 |     144 |  31.2 |      15 |       3 |  16.7
      Sewer |       0 |     232 | 100.0 |       0 |      19 | 100.0
            +---------+---------+-------+---------+---------+-------
